 Dungeon Crawl Stone Soup version 0.29.1-12-g30fa7ad0bf (webtiles) character file.

Game seed: 14376627613477565668

10371 mampy3000 the Cleaver (level 11, -4/97 (99) HPs)
             Began as a Minotaur Berserker on Jan 12, 2023.
             Was an Elder of Trog.
             Slain by Erolcha
             ... wielding a +0 giant club
              (18 damage)
             ... on level 10 of the Dungeon.
             The game lasted 00:42:25 (10827 turns).

mampy3000 the Cleaver (Minotaur Berserker)         Turns: 10827, Time: 00:42:26

HP:   -4/97 (99)    AC: 20    Str: 29    XL:     11   Next: 35%
MP:   0/10          EV:  8    Int:  4    God:    Trog [****..]
Gold: 548           SH: 10    Dex: 14    Spells: 10/10 levels left

rFire   . . .      SeeInvis .   a - +0 hand axe
rCold   . . .      Faith    .   F - +0 kite shield
rNeg    . . .      Spirit   +   J - +1 plate armour
rPois   +          Reflect  .   c - +1 hat
rElec   .          Harm     .   G - scarf {repulsion}
rCorr   .          Rampage  .   r - +2 pair of gloves
Will    ++...                   (no boots)
Stlth   ..........              L - amulet of guardian spirit
HPRegen 1.26/turn               H - ring of protection from fire
MPRegen 0.12/turn               g - ring "Qethrourph" {Fly rPois rF- Str+7}

@: strong-willed, on berserk cooldown, flying, regenerating, slowed, studying
Invocations, lightly drained, repel missiles, very slow
A: horns 2, retaliatory headbutt
a: Renounce Religion, Berserk, Trog's Hand, Brothers in Arms


You were on level 10 of the Dungeon.
You worshipped Trog.
Trog was greatly pleased with you.
You visited 1 branch of the dungeon, and saw 10 of its levels.

You collected 680 gold pieces.
You spent 132 gold pieces at shops.

Inventory:

Hand Weapons
 a - a +0 hand axe (weapon)
Missiles
 v - 16 boomerangs (quivered)
 A - 5 javelins
Armour
 c - a +1 hat (worn)
 r - a +2 pair of gloves (worn)
 E - a +0 scale mail of fire resistance
 F - a +0 kite shield (worn)
 G - a scarf of repulsion (worn)
 J - a +1 plate armour (worn)
Jewellery
 g - the ring "Qethrourph" (right hand) {Fly rPois rF- Str+7}
   (You acquired it on level 2 of the Dungeon)

   [ring of flight]

   Str:       It affects your strength (+7).
   rF:        It makes you vulnerable to fire.
   rPois:     It protects you from poison.
   Fly:       It grants you flight.
 o - a ring of ice
 s - a ring of see invisible
 y - a ring of positive energy
 H - a ring of protection from fire (left hand)
 L - an amulet of guardian spirit (around neck)
 N - an amulet of the acrobat
Wands
 e - a wand of digging (5)
 h - a wand of polymorph (8)
 t - a wand of flame (33)
 u - a wand of roots (7)
 I - a wand of paralysis (5)
Scrolls
 i - 3 scrolls of enchant weapon
 k - 4 scrolls of poison
 m - a scroll of enchant armour
 x - a scroll of torment {unknown}
 z - 3 scrolls of fear
 B - 2 scrolls of amnesia {unknown}
 C - a scroll of blinking
 D - a scroll of magic mapping {unknown}
 K - a scroll of butterflies {unknown}
Potions
 b - a potion of magic
 d - 4 potions of mutation
 f - a potion of degeneration {unknown}
 j - a potion of might
 l - a potion of cancellation {unknown}
 n - 4 potions of brilliance
 p - a potion of haste
 q - a potion of berserk rage {unknown}
 w - a potion of flight {unknown}


   Skills:
 + Level 9.9 Fighting
 + Level 13.6 Axes
 + Level 10.2 Armour
 + Level 5.4 Dodging
 + Level 2.7 Stealth
 + Level 7.7 Shields
 + Level 0.2 Evocations


You had 10 spell levels left.
You didn't know any spells.
Your spell library was empty.

Dungeon Overview and Level Annotations

Branches:
Dungeon (10/15)            Temple (0/1) D:4
   Lair: D:8-11         Orc: D:9-12

Altars:
Ashenzari
Dithmenos
Gozag
Kikubaaqudgha
Sif Muna
Trog
Uskayaw
Vehumet
Xom
Yredelemnul
Zin

Shops:
D:5 !   D:6 *   D:9 (

Annotations:
D:10 Erolcha


Innate Abilities, Weirdness & Mutations

You have a pair of horns on your head.
You reflexively headbutt those who attack you in melee.


Message History

You feel the power of Trog in you as your rage grows.
You destroy the wight!
Trog accepts your kill.
You feel a strong urge to attack something.
You are no longer berserk.
You are exhausted.
You feel yourself slow down. Erolcha barely misses you.
The wight hits you with a +4 hand axe.
You hit Erolcha.
Erolcha is lightly wounded.
You hit the wight but do no damage. The wight hits you but does no damage.
You barely miss Erolcha.
Erolcha is lightly wounded.
You hit the wight. You block Erolcha's attack.
The wight hits you with a +4 hand axe.
You feel drained.
You hit the wight.
The wight is heavily damaged.
You closely miss Erolcha. Erolcha hits you with a +0 giant club!!
You block the wight's attack.
You hit the wight but do no damage. Your headbutt misses the wight.
The wight is heavily damaged.
You hit Erolcha. The wight misses you. You furiously retaliate!
You headbutt the wight! You closely miss the wight.
The wight is almost destroyed.
You hit Erolcha.
Erolcha mumbles some strange words.
Erolcha flickers and vanishes!
Deactivating autopickup; reactivate with Ctrl-A.
The wight completely misses you. Something hits you!!
Your skin crawls.
You feel strong-willed. The wight completely misses you.
You furiously retaliate!
You headbutt the wight.
You destroy the wight!
Trog accepts your kill. Something hits you!!
* * * LOW HITPOINT WARNING * * *
You feel better. Something hits you!!
You die...

#.....#######.........
#....#### #.........
##......# #.........
#..)...# ######>...
#..))..# #....
#.....## #....
#.<.).## #####
#......# ####@$.#
#..{)..# #......#
#......# ####...#
#####


There were no monsters in sight!

Vanquished Creatures
  A two-headed ogre (D:10)
  A cyclops (D:6)
  A deep elf pyromancer (D:7)
  A gargoyle (D:10)
  3 trolls
  2 wyverns
  A shadow (D:9)
  19 yaks
  The ghost of hawla the Chiller, an amateur MeIE (D:6)
  4 vampire mosquitoes (D:10)
  A water moccasin (D:6)
  Duvessa (D:5)
  2 orc warriors
  2 ice beasts (D:6)
  A black bear (D:5)
  5 centaurs
  2 phantoms (D:5)
  3 kobold brigands
  5 bullfrogs
  4 necrophages
  A gnoll sergeant (D:6)
  5 scorpions
  10 wights
  Dowan (D:5)
  5 killer bees
  3 howler monkeys
  5 jellies
  4 orc priests (D:8)
  6 hounds
  2 iguanas
  9 orc wizards
  Natasha (twice) (D:2)
  Robin (D:2)
  4 gnolls (D:6)
  12 adders
  A worm (D:2)
  3 dart slugs
  22 orcs
  7 ball pythons
  2 bat zombies (D:4)
  17 endoplasms
  3 giant cockroaches
  8 hobgoblins
  4 jackals (D:3)
  4 quokkas
  6 bats
  A frilled lizard (D:2)
  10 goblins
  29 kobolds
  4 rats
251 creatures vanquished.

Vanquished Creatures (others)
  3 fungi (D:3)
  9 toadstools (D:3)
12 creatures vanquished.

Grand Total: 263 creatures vanquished

Notes
Turn   | Place    | Note
-------+----------+-------------------------------------------
     0 | D:1      | mampy3000 the Minotaur Berserker began the quest for the
                  | Orb.
     0 | D:1      | Reached XP level 1. HP: 19/19 MP: 0/0
   139 | D:1      | Reached skill level 4 in Axes
   177 | D:1      | Found a faded altar of an unknown god.
   205 | D:1      | Reached XP level 2. HP: 18/27 MP: 1/1
  1234 | D:2      | Reached XP level 3. HP: 23/33 MP: 2/2
  1258 | D:2      | Identified a scroll of acquirement
  1258 | D:2      | Acquired the ring "Qethrourph" {Fly rPois rF- Str+7}
  1417 | D:2      | Reached skill level 5 in Axes
  1509 | D:2      | Reached XP level 4. HP: 40/40 MP: 3/3
  1926 | D:2      | Noticed Robin
  1934 | D:2      | Killed Robin
  2045 | D:2      | Reached ** piety under Trog
  2117 | D:2      | Noticed Natasha
  2126 | D:2      | Killed Natasha
  2528 | D:2      | Noticed Natasha
  2536 | D:2      | Killed Natasha
  2537 | D:2      | Reached XP level 5. HP: 47/47 MP: 4/4
  2747 | D:3      | You are sucked into a shaft and drop 3 floors!
  2751 | D:6      | Found a runed translucent gate.
  2751 | D:6      | Found a runed translucent gate.
  2753 | D:6      | Found a runed translucent gate.
  2754 | D:6      | Noticed hawla's ghost (amateur MeIE)
  2755 | D:6      | Noticed a cyclops
  2786 | D:5      | Entered Level 5 of the Dungeon
  2844 | D:5      | Noticed a black bear
  2844 | D:5      | Noticed Duvessa
  2844 | D:5      | Noticed Dowan
  2852 | D:5      | Killed a black bear
  2853 | D:5      | Reached skill level 6 in Axes
  2853 | D:5      | Reached XP level 6. HP: 55/55 MP: 5/5
  2864 | D:5      | Killed Duvessa
  2865 | D:5      | Reached skill level 5 in Fighting
  2865 | D:5      | Reached skill level 7 in Axes
  2865 | D:5      | Killed Dowan
  3041 | D:5      | Reached skill level 1 in Shields
  3041 | D:5      | Reached XP level 7. HP: 53/61 MP: 6/6
  3044 | D:5      | Reached skill level 1 in Stealth
  3261 | D:4      | Reached skill level 8 in Axes
  3314 | D:4      | Found a shimmering altar of Xom.
  3314 | D:4      | Found a basalt altar of Yredelemnul.
  3382 | D:4      | Found a shimmering blue altar of Sif Muna.
  3385 | D:4      | Found a radiant altar of Vehumet.
  3387 | D:4      | Found a broken altar of Ashenzari.
  3722 | D:4      | Found an opulent altar of Gozag.
  3722 | D:4      | Found a glowing silver altar of Zin.
  3831 | D:4      | Found a staircase to the Ecumenical Temple.
  3924 | D:4      | Found an ancient bone altar of Kikubaaqudgha.
  3966 | D:4      | Found a bloodstained altar of Trog.
  4127 | D:4      | Reached XP level 8. HP: 70/70 MP: 7/7
  4588 | D:3      | Reached *** piety under Trog
  5275 | D:3      | Reached skill level 9 in Axes
  5631 | D:5      | Found Lehec's Distillery.
  6133 | D:6      | Found Mucwoor's Fire Supplies.
  6144 | D:6      | Reached skill level 5 in Armour
  6165 | D:6      | Bought a +0 scale mail of fire resistance for 132 gold
                  | pieces
  6711 | D:6      | Reached skill level 10 in Axes
  6737 | D:6      | Killed a cyclops
  6738 | D:6      | Reached XP level 9. HP: 78/78 MP: 8/8
  6738 | D:6      | Killed hawla's ghost
  7017 | D:6      | Reached skill level 11 in Axes
  7073 | D:6      | Reached **** piety under Trog
  7426 | D:7      | Found a shadowy altar of Dithmenos.
  7733 | D:7      | Noticed a troll
  7743 | D:7      | Killed a troll
  7895 | D:7      | Noticed a deep elf pyromancer
  7901 | D:7      | Killed a deep elf pyromancer
  7902 | D:7      | Reached skill level 12 in Axes
  7902 | D:7      | Reached skill level 5 in Dodging
  7902 | D:7      | Reached XP level 10. HP: 88/88 MP: 9/9
  8692 | D:8      | Reached skill level 5 in Shields
  9014 | D:9      | Found a flagged portal.
  9045 | D:9      | Found Ixukelau's Antique Weapon Boutique.
  9600 | D:9      | Found a hide-covered altar of Uskayaw.
 10140 | D:10     | Entered Level 10 of the Dungeon
 10150 | D:10     | Noticed a gargoyle
 10224 | D:10     | Noticed a two-headed ogre
 10234 | D:10     | Killed a two-headed ogre
 10235 | D:10     | Reached skill level 13 in Axes
 10237 | D:10     | Reached XP level 11. HP: 89/97 MP: 10/10
 10511 | D:10     | Reached skill level 10 in Armour
 10815 | D:10     | Noticed Erolcha
 10827 | D:10     | Slain by Erolcha

Illustrated notes

Levels and vault maps discovered:
D:1:      ebering_trefoil_twist, layout_basic,
          hellmonk_ecumenical_altar_lost_god
D:2:      layout_basic, uniq_natasha, uniq_robin
D:3:      cheibrodos_fertilizer, layout_basic, kennysheep_generic_room_10
D:4:      layout_basic, grunt_temple_overflow_gold_and_silver,
          trog_butcher_becter, lemuel_zombie_altar_kikubaaqudgha,
          chequers_temple_overflow_minitemple, minmay_temple_entry_junction_2
D:5:      minmay_skewed_foursquare, layout_loops_cross,
          nicolae_ossuary_entry_false_entrances, serial_shops, shop,
          uniq_duvessa
D:6:      layout_loops_corners, gammafunk_ghost_split, corexii_shack,
          hangedman_abyss_or_decor_stagger, nicolae_shop_fire_sale
          [nicolae_sub_dead_trees]
D:7:      layout_rooms, kennysheep_mini_moat, minmay_misc_feat_tiny,
          amcnicky_mini_pool_small, minmay_three_doors
D:8:      layout_cave_pools
D:9:      cheibrodos_iron_armory, layout_long_grid, nicolae_uskayaw_dance_hall,
          serial_shops, shop, enter_bailey_8, amethyst_killhole
D:10:     layout_cross, orc_0_dummy, nicolae_trove_entry_columns, uniq_erolcha

Skill      XL: |  1  2  3  4  5  6  7  8  9 10 11 |
---------------+----------------------------------+-----
Axes           | 4 5 6 7 8 10 12 13 | 13.6
Fighting       | 4 5 6 8 9 |  9.9
Armour         | 3 4 6 7 9 10 | 10.2
Dodging        | 3 4 5 |  5.4
Shields        | 1 3 4 7 |  7.7
Stealth        | 1 2 |  2.7
Evocations     | |  0.2

Action                   |  1- 3 |  4- 6 |  7- 9 | 10-12 || total
-------------------------+-------+-------+-------+-------++-------
Melee: Hand axe          |    46 |    90 |   286 |   198 ||   620
       Headbutt          |     3 |    12 |    62 |    39 ||   116
       Punch             |     2 |       |       |       ||     2
Invok: Berserk           |     1 |     1 |     7 |     7 ||    16
       Trog's Hand       |       |     1 |       |     6 ||     7
Evoke: Wand              |       |       |       |     2 ||     2
  Use: Scroll            |     5 |     5 |     7 |     5 ||    22
       Potion            |       |       |       |     7 ||     7
 Stab: Sleeping          |       |     1 |     1 |       ||     2
Armor: Animal skin       |     2 |       |       |       ||     2
       Leather armour    |     6 |    33 |    25 |       ||    64
       Chain mail        |       |       |    25 |       ||    25
       Scale mail        |       |       |    42 |    43 ||    85
       Plate armour      |       |       |       |    89 ||    89
Dodge: Dodged            |    26 |    46 |    90 |   100 ||   262
       Repelled          |       |       |       |     4 ||     4
Block: Buckler           |       |     6 |    35 |       ||    41
       Kite shield       |       |       |    46 |   138 ||   184
